Unix NetHack Version 5.0.0-0 post-release - last build Jun 10 2026 00:39:30 (3ee93aec679c4c4259841fe613dc97188e26a321,branch:main).

Game began 2026-06-08 21:26:10, ended 2026-06-12 23:10:34.

Felix1, neutral male human Wizard

                 -------------                                  ---
                 ............-----                             --.|
                -.--..----.......|                           --...--
               |....@... -------.-------                     |.....--
               .........     --........---                   |..--..|
               .........     |...-----...|   ------   --     --.|--.|----
               ---.....      |...|   |...-----....----.---    |.| |.|..|..
                 |......     -----   --..................|    |.--|.......--
                 -...%..              ---------..........|    |..||........|
                ........                      --.........---# --.|--...[...--
                 ......                        --.......(...--#|.| |........--
                  ....                          -.....--......-#.| --##).....|
                                                 .--...........|.##  --.<....|
                                                   --.--#--.| -|.| # |.).....|
                                                   --.-#  ---  |.--  |.......|
                                                  --...--     --..|  #-......|
                                                  ......--   --...|   |.....--
                                                  .......-----....|   ---...|
                                                   ..|.....^......|     |...|
                                                    ---..-------.--     --.--
                                                      ----     ---       ---
Felix1 the Thaumaturge    St:11 Dx:14 Co:9 In:18 Wi:11 Ch:11  Neutral
Dlvl:6  $:65 HP:0(32) Pw:4(61) AC:6  Xp:6 T:3718  Burdened

Latest messages:
 In what direction? <esc>
 Never mind.
 Your lamp is now on.
 A board beneath you squeaks a G sharp loudly.
 Really step onto that squeaky board? [yn] (n) n
 You see here a leash.
 You see here a leash.
 In what direction? 6
 The spell hits the ghoul!
 The ghoul strikes at thin air!
 In what direction? 8
 The spell hits the ghoul!
 You destroy the ghoul!
 The homunculus strikes at thin air!
 In what direction? 4
 The spell hits the homunculus!
 You kill the homunculus!
 You see here a pyramidal amulet.
 You have a little trouble lifting C - a pyramidal amulet.
 The jaguar strikes at thin air!
 In what direction? 6
 The spell misses the jaguar.
 The jaguar attacks a spot beside you.
 In what direction? 6
 The spell hits the jaguar!
 You kill the jaguar!
 Really step into that bear trap? [yn] (n) n
 You see a boulder start to roll.
 The Woodland-elf throws a runed spear!
 You are hit by a runed spear.
 The Woodland-elf wields a runed dagger!
 The Woodland-elf picks up a runed spear.
 The Woodland-elf throws a runed spear!
 You are hit by a runed spear.
 The dagger misses the Woodland-elf.
 A dagger misses you.
 The Woodland-elf picks up a dagger.
 The Woodland-elf thrusts her runed dagger.
 The Woodland-elf hits!
 You hit the Woodland-elf!
 The Woodland-elf thrusts her runed dagger.
 The Woodland-elf hits!
 The Woodland-elf thrusts her runed dagger.
 The Woodland-elf hits!
 You don't have enough energy to cast that spell.
 You miss the Woodland-elf.
 The Woodland-elf thrusts her runed dagger.
 The Woodland-elf hits!
 You die...
 Do you want your possessions identified? [ynq] (y) q

Inventory:
 Coins    ('$')
  $ - 65 gold pieces
 Amulets  ('"')
  C - a cursed amulet of restful sleep
 Weapons  (')')
  E - a +0 dart
  a - a blessed +1 quarterstaff (weapon in hands)
 Armor    ('[')
  y - a blessed +1 dwarvish iron helm (being worn)
  b - an uncursed +0 cloak of magic resistance (being worn)
  q - an uncursed +0 elven cloak
  z - an uncursed +0 dwarvish mithril-coat
 Comestibles  ('%')
  u - 3 uncursed food rations
 Scrolls  ('?')
  J - an uncursed scroll of create monster
  i - an uncursed scroll of enchant armor
  j - an uncursed scroll of enchant weapon
  r - an uncursed scroll of food detection
  k - 2 uncursed scrolls of taming
 Spellbooks  ('+')
  m - an uncursed spellbook of create monster
  l - a blessed spellbook of force bolt
 Potions  ('!')
  s - a blessed potion of gain ability
  H - an uncursed potion of see invisible
  f - an uncursed potion of sickness
  g - an uncursed potion of sleeping
  h - an uncursed potion of water
 Rings    ('=')
  e - an uncursed ring of invisibility (on right hand)
  d - an uncursed ring of shock resistance
 Wands    ('/')
  p - a wand of digging (0:5)
  D - a wand of digging (0:4)
  t - a wand of opening (0:4)
  c - a wand of polymorph (0:4)
 Tools    ('(')
  n - a magic marker (0:20)
  o - an uncursed oil lamp (lit)
  w - a +0 pick-axe
  G - an uncursed skeleton key
 Gems/Stones  ('*')
  B - an uncursed agate stone
  F - 2 uncursed chrysoberyl stones
  A - 2 uncursed turquoise stones
  v - 6 uncursed worthless pieces of green glass
  x - 2 uncursed worthless pieces of red glass
  I - 2 uncursed worthless pieces of white glass

Felix1 the Wizard's attributes:

Background:
 You were a Thaumaturge, a level 6 male human Wizard.
 You were neutral, on a mission for Thoth
 who was opposed by Ptah (lawful) and Anhur (chaotic).
 You were right-handed.
 You were in the Gnomish Mines, on level 6.
 You entered the dungeon 3718 turns ago.
 It was nighttime.
 You had 450 experience points, 190 more were needed to attain level 7.

Basics:
 You had 0 out of 32 hit points.
 You had 4 out of 61 energy points (spell power).
 Your armor class was 6.
 Your wallet contained 65 zorkmids.
 Autopickup was off.

Final Characteristics:
 Your strength was 11 (peak:14, limit:18/100).
 Your dexterity was 14 (limit:18).
 Your constitution was 9 (limit:18).
 Your intelligence was 18 (limit:18).
 Your wisdom was 11 (limit:18).
 Your charisma was 11 (limit:18).

Final Status:
 You weren't hungry.
 You were burdened; movement was slightly slowed.
 You were wielding a quarterstaff.
 You had basic skill with quarterstaff.

Final Attributes:
 You were piously aligned.
 You were magic-protected.
 You were invisible.
 You were warded.
 You are dead.

Miscellaneous:
 You didn't encounter any bones levels.
 Total elapsed playing time was 31 minutes and 47 seconds.

Major events:
 Turn
    1: Felix1 the neutral male human Wizard entered the dungeon
 1023: attained the rank of Conjurer (level 3)
 1461: entered the Gnomish Mines
 2853: attained the rank of Thaumaturge (level 6)
 3718: killed by a Woodland-elf

Spells:
 Name                 Level Category     Fail Retention
 force bolt             1   attack         0%   81%-90%
 create monster         2   clerical      47%  76%-100%

Skills:
 Fighting Skills
   bare handed combat [Unskilled]
   riding             [Unskilled]
 Weapon Skills
   dagger             [Unskilled]
   knife              [Unskilled]
   axe                [Unskilled]
   short sword        [Unskilled]
   club               [Unskilled]
   mace               [Unskilled]
   quarterstaff       [Basic]
   polearms           [Unskilled]
   spear              [Unskilled]
   trident            [Unskilled]
   sling              [Unskilled]
   dart               [Unskilled]
   shuriken           [Unskilled]
 Spellcasting Skills
   attack spells      [Basic]
   healing spells     [Unskilled]
   divination spells  [Unskilled]
   enchantment spells [Basic]
   clerical spells    [Unskilled]
   escape spells      [Unskilled]
   matter spells      [Unskilled]

Voluntary challenges:
 Character rerolling was not enabled.
 You were illiterate.
 You never genocided any monsters.
 You never polymorphed an object.
 You never changed form.
 You used no wishes.
Achievements:
 You attained the rank of Conjurer.
 You entered the Gnomish Mines.
 You attained the rank of Thaumaturge.

 The Dungeons of Doom: levels 1 to 3
    Level 1:
    Level 2:
       A fountain.
    Level 3:
       Stairs down to The Gnomish Mines.
 The Gnomish Mines: levels 4 to 6
    Level 4:
    Level 5:
    Level 6: <- You were here.
       Final resting place for
          you, killed by a Woodland-elf.


Vanquished creatures:
  a jaguar
  a rock mole
  4 gnome leaders
  a gnomish wizard
  a ghoul
  a straw golem
  5 dwarves
  a homunculus
  4 rothes
  a wererat
  a hobbit
  a large kobold
  3 giant rats
  a cave spider
  a yellow mold
 24 gnomes
  a gnome zombie
  5 geckos
  8 jackals
  2 foxes
  4 sewer rats
  6 lichens
  3 newts
80 creatures vanquished.

No species were genocided or became extinct.

Game over:
                       ----------
                      /          \
                     /    REST    \
                    /      IN      \
                   /     PEACE      \
                  /                  \
                  |      Felix1      |
                  |      65 Au       |
                  |   killed by a    |
                  |   Woodland-elf   |
                  |                  |
                  |                  |
                  |       2026       |
                 *|     *  *  *      | *
        _________)/\\_//(\/(/\)/\//\/|_)_______

Goodbye Felix1 the Wizard...

You died in The Gnomish Mines on dungeon level 6 with 2109 points,
and 65 pieces of gold, after 3718 moves.
You were level 6 with a maximum of 32 hit points when you died.

